 Dungeon Sprint DCSS version 0.23.2-1-ga50397a6bc (webtiles) character file.

Game seed: 13294962978230907220

480 Kobolds4U the Cleaver (level 6, -1/64 HPs)
             Began as a Minotaur Berserker on May 20, 2019.
             Was a Priest of Trog.
             Killed from afar by an oklob plant (15 damage)
             ... with a splash of acid
             ... in the Dungeon (Sprint IV: "Fedhas' Mad Dash").
             The game lasted 00:01:53 (511 turns).

Kobolds4U the Cleaver (Minotaur Berserker)           Turns: 511, Time: 00:01:53

Health: -1/64      AC:  2    Str: 21    XL:     6   Next: 86%
Magic:  6/6        EV: 16    Int:  4    God:    Trog [***...]
Gold:   73         SH:  0    Dex: 12    Spells: 5/5 levels left

rFire    . . .     SeeInvis .   a - +0 hand axe
rCold    . . .     Gourm    .   (no shield)
rNeg     . . .     Faith    .   b - +0 animal skin
rPois    .         Spirit   .   (helmet restricted)
rElec    .         Reflect  .   (no cloak)
rCorr    .         Harm     .   (no gloves)
MR       .....     NoTele   +   (no boots)
Stlth    +.........             k - amulet of invisibility {+Inv}
HPRegen  0.20/turn              (no ring)
MPRegen  0.10/turn              (no ring)

@: no status effects
A: retaliatory headbutt, horns 2
a: Berserk, Trog's Hand, Renounce Religion, Evoke Invisibility


You were in the Dungeon.
You worshipped Trog.
Trog was most pleased with you.
You were hungry.

You visited 1 branch You collected 73 gold pieces.

Inventory:

Hand Weapons
 a - a +0 hand axe (weapon)
Missiles
 m - 26 stones (quivered)
Armour
 b - a +0 animal skin (worn)
Jewellery
 k - the amulet of invisibility (around neck) {+Inv}
   (You found it in the Dungeon)

   [amulet of nothing]

   It lets you turn invisible.
Scrolls
 i - a scroll of blinking
 j - a scroll of enchant weapon {unknown}
Potions
 d - a potion of curing
 e - a potion of heal wounds
 f - a potion of haste
 g - 2 potions of magic
 h - a potion of berserk rage
Comestibles
 c - 2 rations


   Skills:
 + Level 9.5 Fighting
 * Level 12.6 Axes
 - Level 2.4 Armour
 + Level 8.1 Dodging
 - Level 1.3 Evocations


You had 5 spell levels left.
You didn't know any spells.
Your spell library was empty.

Dungeon Overview and Level Annotations

Branches:
Dungeon (1/1)

Altars:
Cheibriados
Gozag
Hepliaklqana
Makhleb
Nemelex Xobeh
Ru
Sif Muna
Trog
Wu Jian
Xom
Yredelemnul
Beogh
Jiyva

Annotations:
D exclusions: oklob plant and oklob sapling


Innate Abilities, Weirdness & Mutations

You reflexively headbutt those who attack you in melee.
You have a pair of horns on your head.


Message History

You hit the oklob plant but do no damage.
You headbutt the oklob plant.
The oklob plant is heavily damaged.
You hit the oklob plant. You headbutt the oklob plant!
The oklob plant is heavily damaged.
You hit the oklob plant.
The oklob plant is severely damaged.
You hit the oklob plant. You headbutt the oklob plant.
The oklob plant is almost destroyed.
You hit the oklob plant but do no damage.
You headbutt the oklob plant.
The oklob plant is almost destroyed.
You completely miss the oklob plant.
You headbutt the oklob plant, but do no damage.
The oklob plant is almost destroyed.
You hit the oklob plant but do no damage.
The oklob plant is almost destroyed.
The oklob plant spits acid at you. The splash of acid hits you!
You die...

#<..P#.....#.....#
#PP..'.....'.#...+
#PPPP#.....#.#...#
###############'##
#...♣........'...#
#......♣.....#...#
#.....♣..♣..######
##'####+##### #@.#
#P!# ####


You could see an oklob plant.

Vanquished Creatures
  A queen bee (D)
  4 killer bees (D)
  2 oklob saplings (D)
  A worker ant (D)
  A river rat (D)
  A rat (D)
10 creatures vanquished.

Notes
Turn   | Place    | Note
-------+----------+-------------------------------------------
     0 | D        | Kobolds4U the Minotaur Berserker began the quest for the
                  | Orb.
     0 | D        | Reached XP level 1. HP: 19/19 MP: 0/0
     9 | D        | Reached skill level 5 in Axes
     9 | D        | Reached XP level 2. HP: 28/28 MP: 1/1
    14 | D        | Noticed an oklob sapling
    17 | D        | Killed an oklob sapling
    17 | D        | Reached ** piety under Trog
    17 | D        | Reached skill level 5 in Fighting
    17 | D        | Reached skill level 6 in Axes
    17 | D        | Reached XP level 3. HP: 36/36 MP: 2/2
    20 | D        | Found the amulet of invisibility {+Inv}
    23 | D        | Reached skill level 7 in Axes
   130 | D        | Noticed an oklob sapling
   133 | D        | Found an opulent altar of Gozag.
   133 | D        | Found a hazy altar of Hepliaklqana.
   133 | D        | Found a burning altar of Makhleb.
   133 | D        | Found a roughly hewn altar of Beogh.
   133 | D        | Found a sparkling altar of Nemelex Xobeh.
   133 | D        | Found a snail-covered altar of Cheibriados.
   133 | D        | Found a sacrificial altar of Ru.
   133 | D        | Found a deep blue altar of Sif Muna.
   133 | D        | Found a shimmering altar of Xom.
   133 | D        | Found a basalt altar of Yredelemnul.
   134 | D        | Found a viscous altar of Jiyva.
   134 | D        | Found a bloodstained altar of Trog.
   134 | D        | Found an ornate altar of the Wu Jian Council.
   134 | D        | Noticed an oklob sapling priest
   147 | D        | Killed an oklob sapling
   147 | D        | Reached skill level 1 in Evocations
   147 | D        | Reached XP level 4. HP: 30/44 MP: 2/4
   252 | D        | Noticed a queen bee
   256 | D        | Reached skill level 9 in Axes
   256 | D        | Reached skill level 5 in Dodging
   258 | D        | Reached *** piety under Trog
   258 | D        | Reached XP level 5. HP: 52/52 MP: 5/5
   259 | D        | Reached skill level 10 in Axes
   264 | D        | Killed a queen bee
   264 | D        | Reached skill level 12 in Axes
   264 | D        | Reached XP level 6. HP: 53/64 MP: 6/6
   496 | D        | Noticed an oklob plant
   511 | D        | Killed from afar by an oklob plant

Skill      XL: |  1  2  3  4  5 |
---------------+----------------+-----
Fighting       | 4 5 6 7 9 |  9.5
Axes           | 5 6 7 9 12 | 12.6
Dodging        | 3 4 5 8 |  8.1
Evocations     | 1 |  1.3
Armour         | |  2.4

Action                   |  1- 3 |  4- 6 || total
-------------------------+-------+-------++-------
Melee: Hand axe          |    11 |    20 ||    31
       Headbutt          |     4 |     7 ||    11
Invok: Berserk           |     1 |     1 ||     2
       Trog's Hand       |       |     1 ||     1
Dodge: Dodged            |     6 |    16 ||    22
